 Dungeon Crawl Stone Soup version 0.25-a0-668-gea548f19b6 (console) character file.

Game seed: 9988049712230238115, levelgen mode: classic

96806 Duffy the Severer (level 16, -21/146 HPs)
             Began as a Naga Fighter on Mar 28, 2020.
             Was the Champion of Cheibriados.
             Demolished by a skeletal warrior
             ... wielding a +4 glaive of pain
              (26 damage)
             ... on level 15 of the Dungeon.
             The game lasted 00:35:57 (26287 turns).

Duffy the Severer (Naga Fighter)                   Turns: 26287, Time: 00:35:58

Health: -21/146    AC: 18    Str: 35      XL:     16   Next: 17%
Magic:  15/23      EV: 15    Int: 39 (40) God:    Cheibriados [******]
Gold:   2167       SH: 14    Dex: 21      Spells: 13/15 levels left

rFire    + . .     SeeInvis +   a - +6 broad axe (vamp)
rCold    + . .     Gourm    .   c - +0 kite shield
rNeg     + . .     Faith    .   t - +2 scale mail "Bofuexas" {rN+ MR+ Dex-2 Slay+5}
rPois    +         Spirit   .   T - +0 helmet of Objectivity {Int+9 Dex-5 Slay+4}
rElec    .         Reflect  .   e - +1 cloak {rPois}
rCorr    .         Harm     .   O - +0 pair of gloves
MR       +++..                  (no barding)
Stlth    ++........             q - amulet of the acrobat
HPRegen  0.34/turn              r - ring of protection from cold
MPRegen  0.18/turn              Q - ring of protection from fire

@: very slow
A: large, thin skeletal structure 1, camouflage 1, see invisible, clever 1,
deformed body, deterioration 1, poison resistance, slowness 2, slow metabolism
1, spit poison 1, evolution 1, MP-powered wands, constrict 1, AC +5
a: Spit Poison, Bend Time, Temporal Distortion, Slouch, Step From Time, Renounce
Religion


You were on level 15 of the Dungeon.
You worshipped Cheibriados.
Cheibriados was exalted by your worship.
You were not hungry.

You visited 4 branches of the dungeon, and saw 24 of its levels.
You also visited: Gauntlet.

You collected 3017 gold pieces.
You spent 850 gold pieces at shops.

Inventory:

Hand Weapons
 a - a +6 vampiric broad axe (weapon)
 b - a +2 war axe of flaming
 A - the +1 morningstar of Haewn {drain, rElec rC++ MR+ Int-3}
   (You found it on level 3 of the Lair of Beasts)

   A truly terrible weapon, it drains the life of those it strikes.
   It affects your intelligence (-3).
   It greatly protects you from cold.
   It insulates you from electricity.
   It affects your resistance to hostile enchantments.
 W - the +7 morningstar of Discomfort {holy, rF+}
   (You took it off a centaur warrior on level 14 of the Dungeon)

   It has been blessed by the Shining One to cause great damage to the undead
   and demons.
   It protects you from fire.
Missiles
 J - a throwing net (quivered)
Armour
 c - a +0 kite shield (worn)
 e - a +1 cloak of poison resistance (worn)
 t - the +2 scale mail "Bofuexas" (worn) {rN+ MR+ Dex-2 Slay+5}
   (You bought it in a shop on level 4 of the Dungeon)

   It affects your dexterity (-2).
   It affects your accuracy and damage with ranged weapons and melee attacks
   (+5).
   It protects you from negative energy.
   It affects your resistance to hostile enchantments.
 O - a +0 pair of gloves (worn)
 S - the +5 scale mail of Lizxyciu {rElec rC++ Int-5 Dex+3}
   (You took it off a minotaur in a Gauntlet)

   It affects your intelligence (-5).
   It affects your dexterity (+3).
   It greatly protects you from cold.
   It insulates you from electricity.
 T - the +0 helmet of Objectivity (worn) {Int+9 Dex-5 Slay+4}
   (You found it in a Gauntlet)

   It affects your intelligence (+9).
   It affects your dexterity (-5).
   It affects your accuracy and damage with ranged weapons and melee attacks
   (+4).
Jewellery
 d - an uncursed ring of fire
 m - an uncursed ring of protection from magic
 o - an uncursed ring of resist corrosion
 q - an amulet of the acrobat (around neck)
 r - a ring of protection from cold (left hand)
 Q - a ring of protection from fire (right hand)
Wands
 h - a wand of paralysis (3)
 l - a wand of iceblast (11)
 p - a wand of polymorph (12)
 C - a wand of flame (42)
 F - a wand of acid (7)
 H - a wand of clouds (4)
 I - a wand of disintegration (31)
Scrolls
 g - 11 scrolls of remove curse
 j - 7 scrolls of teleportation
 k - 2 scrolls of immolation
 n - 4 scrolls of magic mapping
 y - 2 scrolls of silence
 B - 3 scrolls of blinking
 D - 5 scrolls of fog
 G - 3 scrolls of fear
 M - 3 scrolls of enchant armour
 V - a scroll of identify
Potions
 i - 2 potions of resistance
 u - 3 potions of curing
 v - 2 potions of might
 w - 2 potions of heal wounds
 x - a potion of ambrosia
 E - 4 potions of lignification
 K - 2 potions of brilliance
 N - a potion of magic
 R - a potion of flight
 U - a potion of mutation
Miscellaneous
 s - a phantom mirror
 z - a box of beasts
 L - a sack of spiders
 P - a tin of tremorstones
Comestibles
 f - 38 rations
 X - 6 chunks of flesh


   Skills:
 - Level 10.0 Fighting
 - Level 16.0 Axes
 + Level 9.2 Armour
 + Level 9.2 Dodging
 - Level 9.0 Shields
 - Level 10.0 Invocations
 - Level 8.0 Evocations


You had 13 spell levels left.
You knew the following spells:

 Your Spells              Type           Power        Failure   Level  Hunger
h - Passwall              Tmut/Erth      #.......     13%         2    ###....

Your spell library contained the following spells:

 Spells                   Type           Power        Failure   Level  Hunger
 Animate Skeleton         Necr           N/A          9%          1    ##.....
 Foxfire                  Conj/Fire      #...         9%          1    ##.....
 Freeze                   Ice            #...         9%          1    ##.....
 Pain                     Necr           #...         9%          1    ##.....
 Sandblast                Erth           #.....       9%          1    ##.....
 Poisonous Vapours        Pois/Air       #.....       13%         2    ###....
 Conjure Flame            Conj/Fire      #.......     26%         3    ####...
 Frozen Ramparts          Ice            #.....       26%         3    ####...
 Inner Flame              Hex/Fire       #.......     26%         3    ####...
 Mephitic Cloud           Conj/Pois/Air  #.......     26%         3    ####...
 Ozocubu's Armour         Chrm/Ice       #.......     26%         3    ####...
 Stone Arrow              Conj/Erth      #.....       26%         3    ####...
 Vampiric Draining        Necr           #.........   26%         3    ####...
 Animate Dead             Necr           N/A          65%         4    #####..
 Hailstorm                Conj/Ice       #.......     65%         4    #####..
 Petrify                  Tmut/Erth      #.......     65%         4    #####..
 Sticky Flame             Conj/Fire      #.......     65%         4    #####..
 Summon Ice Beast         Ice/Summ       #.......     65%         4    #####..
 Agony                    Necr           #.......     94%         5    ######.
 Fireball                 Conj/Fire      #.........   94%         5    ######.
 Irradiate                Conj/Tmut      #.........   94%         5    ######.
 Lee's Rapid Deconstruct  Erth           #.........   94%         5    ######.
 Freezing Cloud           Conj/Ice/Air   #.........   100%        6    #######
 Hydra Form               Tmut           #.........   100%        6    #######
 Statue Form              Tmut/Erth      #........    100%        6    #######
 Dragon Form              Tmut           #.........   100%        7    #######
 Ring of Flames           Chrm/Fire      #.........   100%        7    #######


Dungeon Overview and Level Annotations

Branches:
Dungeon (15/15)            Temple (1/1) D:4            Lair (6/6) D:8
  Swamp (0/4) Lair:3        Snake (0/4) Lair:4        Slime (0/5) Lair:5
    Orc (2/2) D:12            Elf (0/3) Orc:2        Vaults (0/5) D:13
 Depths (0/5) D:15        Gauntlet (visited)

Altars:
Ashenzari
Cheibriados
Dithmenos
Elyvilon
Fedhas
Gozag
Hepliaklqana
Kikubaaqudgha
Makhleb
Nemelex Xobeh
Okawaru
Qazlal
Ru
Sif Muna
Trog
Uskayaw
Vehumet
Wu Jian
Xom
Yredelemnul
Zin
The Shining One
Jiyva

Shops:
D:4 *   D:5 (   D:6 ?   Orc:2 [(%:

Portals:
Trove: D:10 (give horn of Geryon)

Annotations:
D:10 1 runed translucent door, will825x's ghost, novice FeSu
Lair:4 exclusion: 4 oklob plants
Lair:5 1 runed translucent door


Innate Abilities, Weirdness & Mutations

You cannot wear boots.
Your serpentine skin is tough. (AC +5)
You have supernaturally acute eyesight. (SInv)
Armour fits poorly on your strangely shaped body.
Your system is resistant to poisons. (rPois)
You cover ground very slowly.
You have a slow metabolism.
You can spit poison.
You can use your snake-like lower body to constrict enemies.
You have a somewhat thin skeletal structure. (Dex +2, Stealth)
Your skin changes colour to match your surroundings (Stealth+).
Your mind is acute. (Int +2)
Your body sometimes deteriorates upon taking damage.
You evolve.
You expend magic power (3 MP) to strengthen your wands.


Message History

You slash the fire giant zombie! The titan zombie hits you!!
You chop the fire giant zombie into pieces!!!
The fire giant zombie is severely damaged.
You hit the titan zombie.
The fire giant zombie barely misses you.
You hit the titan zombie but do no damage.
The titan zombie is severely damaged.
You slice the fire giant zombie!! You block the titan zombie's attack.
The fire giant zombie hits you but does no damage.
You cut the titan zombie into ribbons!!!
The titan zombie is almost destroyed.
You hit the fire giant zombie. The titan zombie barely misses you.
You slash the fire giant zombie!
The fire giant zombie is almost destroyed.
You slice the titan zombie!!
You destroy the titan zombie!
Cheibriados appreciates the change of pace.
The fire giant zombie misses you.
The skeletal warrior hits you from afar with a +4 glaive of pain!!
You die...

..8....P8......
.....P.P.8.....
.8.............
......8...88...
.8.....[...#...
#..PP?.).8.....
#)zC%......
###Z(#.#!.. ####
##@## ...###..##
##..#....##
#.........#
######...#....## #..
##...(#####.....#..
##....
#.<......##.........
........
#........#...####....
../......
#...........###. ....
.........


You could see a skeletal warrior, a cyclops and a fire giant zombie.

Vanquished Creatures
  Louise (D:15)
  A minotaur (Gauntlet)
  Snorg (Lair:4)
  Josephine (Orc:1)
  A fire dragon (Lair:6)
  3 hydras
  2 centaur warriors
  5 two-headed ogres
  An ogre mage (D:13)
  2 tengu warriors (D:15)
  7 death yaks (D:8)
  A death scarab (Gauntlet)
  A titan zombie (D:15)
  5 orc high priests (Orc:2)
  Urug (Lair:6)
  A flayed ghost (D:15)
  A wizard (D:14)
  6 lindwurms (Lair:6)
  A glowing orange brain (Gauntlet)
  A deep elf archer (D:13)
  A necromancer (D:15)
  3 deep elf magi (D:13)
  14 ugly things
  6 orc knights
  3 wolf spiders
  4 cyclopes
  3 manticores
  Maurice (D:9)
  A guardian serpent (Lair:6)
  11 black mambas
  3 elephants (Lair:6)
  A frost giant skeleton (D:15)
  The ghost of Stajl the Chopper, a novice HOFi of Beogh (D:5)
  Joseph (D:8)
  Psyche (D:8)
  A centaur zombie (D:14)
  5 gargoyles
  17 spiny frogs
  Maggie (D:9)
  6 torpor snails
  2 kobold demonologists (D:14)
  A minotaur zombie (Gauntlet)
  An efreet (D:15)
  4 komodo dragons
  2 rime drakes (Lair:1)
  5 trolls
  5 polar bears
  5 tyrant leeches
  2 tengu conjurers (D:15)
  9 hornets
  A queen bee (shapeshifter) (D:14)
  2 dream sheep (D:11)
  3 slime creatures (Gauntlet)
  16 blink frogs
  7 hippogriffs
  A spectral black mamba (Gauntlet)
  A redback (Lair:6)
  A shadow (D:13)
  A centaur simulacrum (D:12)
  4 wraiths
  A vampire (D:13)
  16 wyverns
  30 yaks
  3 basilisks
  A steam dragon (Lair:4)
  3 vampire mosquitoes (D:15)
  A hungry ghost (D:14)
  Menkaure (D:7)
  A warg (Orc:1)
  A swamp worm (Lair:3)
  A soldier ant (D:7)
  An acid dragon (D:15)
  6 porcupines
  20 water moccasins
  33 orc warriors
  5 ice beasts
  2 necrophages
  6 sky beasts
  10 black bears
  An eye of draining (D:15)
  9 ogres
  4 phantoms
  A hornet zombie (D:13)
  A boggart (D:13)
  4 wolves (Lair:2)
  8 killer bees
  9 centaurs
  11 crocodiles
  12 big kobolds
  9 bullfrogs
  2 gnoll sergeants
  3 scorpions
  A wyvern skeleton (D:9)
  A water moccasin skeleton (D:7)
  9 wights
  4 howler monkeys
  An electric eel (Lair:3)
  7 crimson imps
  A bullfrog zombie (D:8)
  2 quasits
  2 bullfrog skeletons
  10 hounds
  6 centaur skeletons
  6 jellies
  24 orc priests
  A gnoll shaman (D:10)
  7 iguanas
  13 worker ants
  27 orc wizards
  7 hell rats (Lair:2)
  A bullfrog simulacrum (D:5)
  A hound zombie (D:11)
  A hound skeleton (D:7)
  19 gnolls
  10 river rats (Lair:2)
  26 adders
  A hound simulacrum (D:5)
  11 shadow imps
  A white imp (D:5)
  2 oozes
  2 adder skeletons
  3 worms
  A dart slug (D:4)
  4 leopard geckos
  92 orcs
  6 ball pythons
  5 giant cockroaches
  8 goblins
  13 hobgoblins
  21 jackals
  7 quokkas
  5 bats
  4 frilled lizards
  A jackal simulacrum (D:5)
  A jackal skeleton (D:4)
  21 kobolds
  A leopard gecko simulacrum (D:5)
  A leopard gecko zombie (D:8)
  3 quokka zombies
  9 rats
  3 fungi
  6 plants
835 creatures vanquished.

Vanquished Creatures (collateral kills)
  An ogre (D:8)
  A leopard gecko zombie (D:8)
2 creatures vanquished.

Vanquished Creatures (others)
  2 killer bees (D:8)
  An orc (D:9)
  22 demonic plants (Gauntlet)
  23 fungi
  46 plants
94 creatures vanquished.

Grand Total: 931 creatures vanquished

Notes
Turn   | Place    | Note
-------+----------+-------------------------------------------
     0 | D:1      | Duffy the Naga Fighter began the quest for the Orb.
     0 | D:1      | Reached XP level 1. HP: 21/21 MP: 1/1
    33 | D:1      | Reached XP level 2. HP: 25/28 MP: 2/2
    80 | D:1      | Reached XP level 3. HP: 5/34 MP: 3/3
   518 | D:1      | Reached skill level 3 in Axes
   902 | D:3      | Reached XP level 4. HP: 42/42 MP: 4/4
   941 | D:4      | Reached XP level 5. HP: 26/49 MP: 5/5
   945 | D:4      | Reached skill level 4 in Axes
  1147 | D:5      | Entered Level 5 of the Dungeon
  1257 | D:4      | Reached XP level 6. HP: 54/56 MP: 6/6
  1324 | D:4      | Found Aliasuwe's Assorted Antiques.
  1455 | D:5      | Noticed Stajl's ghost (novice HOFi)
  1455 | D:5      | Noticed an ice beast
  1738 | D:5      | Found a runed translucent gate.
  1738 | D:5      | Found a runed translucent gate.
  1738 | D:5      | Found a runed translucent gate.
  1759 | D:5      | Reached skill level 5 in Axes
  1825 | D:5      | Reached XP level 7. HP: 60/62 MP: 7/7
  1914 | D:6      | Found Tomyes's Magic Scroll Shop.
  1917 | D:6      | Reached skill level 5 in Shields
  2032 | D:6      | Bought a scroll of magic mapping for 45 gold pieces
  2332 | D:5      | Found Fuseuxih's Antique Weapon Emporium.
  2389 | D:5      | Reached skill level 6 in Axes
  2582 | D:5      | Reached XP level 8. HP: 49/69 MP: 8/8
  3414 | D:4      | Found a staircase to the Ecumenical Temple.
  3418 | Temple   | Entered the Ecumenical Temple
  3706 | Temple   | Became a worshipper of Cheibriados the Contemplative
  3877 | D:3      | Found a burning altar of Makhleb.
  3877 | D:3      | Noticed an Executioner
  3880 | D:3      | Noticed an orange demon
  4661 | D:2      | Reached * piety under Cheibriados
  4769 | D:2      | Reached skill level 7 in Axes
  4849 | D:2      | Found a blossoming altar of Fedhas.
  5540 | D:4      | Reached ** piety under Cheibriados
  5673 | D:5      | Reached skill level 1 in Evocations
  6315 | D:6      | Noticed a hippogriff
  6322 | D:6      | Killed a hippogriff
  6501 | D:6      | Reached skill level 1 in Invocations
  6607 | D:6      | Found a sacrificial altar of Ru.
  6821 | D:7      | Reached XP level 9. HP: 74/74 MP: 12/12
  6975 | D:7      | Noticed Menkaure
  6979 | D:7      | Killed Menkaure
  7171 | D:7      | Reached *** piety under Cheibriados
  7175 | D:7      | Reached skill level 8 in Axes
  7610 | D:8      | Noticed Joseph
  7894 | D:8      | Killed Joseph
  8144 | D:8      | Found a glowing silver altar of Zin.
  8152 | D:8      | Reached skill level 5 in Invocations
  8174 | D:8      | Reached XP level 10. HP: 63/83 MP: 10/14
  8325 | D:8      | Noticed a death yak
  8326 | D:8      | Noticed a death yak
  8326 | D:8      | Noticed a death yak
  8328 | D:8      | Noticed a death yak
  8329 | D:8      | Noticed a death yak
  8329 | D:8      | Noticed a death yak
  8379 | D:9      | Reached **** piety under Cheibriados
  8691 | D:9      | Noticed Maggie
  8696 | D:9      | Reached skill level 9 in Axes
  9204 | D:10     | Entered Level 10 of the Dungeon
  9463 | D:5      | Bought a bloodstained war axe for 297 gold pieces
  9463 | D:5      | Identified the +5 war axe "Qof Voho" {vamp, rN+} (You
                  | bought it in a shop on level 5 of the Dungeon)
  9632 | D:9      | Killed Maggie
  9843 | D:9      | Noticed Maurice
  9849 | D:9      | Killed Maurice
 10115 | D:10     | Noticed will825x's ghost (novice FeSu)
 10117 | D:10     | Found a runed translucent door.
 10171 | D:10     | Reached ***** piety under Cheibriados
 10304 | D:10     | Noticed a gargoyle
 10523 | D:10     | Reached skill level 10 in Axes
 10625 | D:10     | Found a portal to a secret trove of treasure.
 10787 | D:10     | Killed a gargoyle
 10787 | D:10     | Reached XP level 11. HP: 82/89 MP: 16/16
 11121 | D:8      | Noticed a death yak
 11133 | D:8      | Killed a death yak
 11143 | D:8      | Killed a death yak
 11143 | D:8      | Reached skill level 1 in Dodging
 11144 | D:8      | Killed a death yak
 11144 | D:8      | Killed a death yak
 11146 | D:8      | Killed a death yak
 11146 | D:8      | Reached skill level 5 in Fighting
 11152 | D:8      | Killed a death yak
 11332 | D:8      | Found a staircase to the Lair.
 11395 | D:8      | Noticed Psyche
 11841 | D:8      | Killed Psyche
 11968 | D:8      | Found a glowing silver altar of Zin.
 12181 | D:8      | Found a staircase to the Lair.
 12505 | D:8      | Killed a death yak
 12737 | Lair:1   | Entered Level 1 of the Lair of Beasts
 12864 | Lair:1   | Reached XP level 12. HP: 95/106 MP: 18/18
 12982 | Lair:1   | Reached skill level 5 in Dodging
 13046 | Lair:1   | Found a glowing silver altar of Zin.
 13360 | Lair:1   | Reached skill level 5 in Evocations
 13614 | Lair:2   | Got a scorched flail
 13615 | Lair:2   | Identified the cursed +2 flail of Nusobrid {flame, rElec
                  | rPois rC+ Dex+3} (You found it on level 2 of the Lair of
                  | Beasts)
 14152 | Lair:2   | Reached ****** piety under Cheibriados
 14152 | Lair:2   | Reached skill level 5 in Armour
 14287 | Lair:2   | You fall into a shaft and drop 2 floors!
 14289 | Lair:4   | Noticed Snorg
 14304 | Lair:4   | Killed Snorg
 14534 | Lair:4   | Gained mutation: You can use your snake-like lower body to
                  | constrict enemies. [Naga growth]
 14534 | Lair:4   | Reached XP level 13. HP: 113/117 MP: 19/19
 14769 | D:4      | Bought a brightly glowing scale mail for 252 gold pieces
 14769 | D:4      | Identified the +2 scale mail "Bofuexas" {rN+ MR+ Dex-2
                  | Slay+5} (You bought it in a shop on level 4 of the Dungeon)
 14781 | D:4      | Bought a coppery potion for 25 gold pieces
 14808 | D:6      | Bought a scroll of identify for 26 gold pieces
 14843 | D:5      | Killed Stajl's ghost
 15550 | Lair:3   | Found a staircase to the Swamp.
 15814 | Lair:3   | Got a smoking morningstar
 15815 | Lair:3   | Identified the cursed +1 morningstar of Haewn {drain, rElec
                  | rC++ MR+ Int-3} (You found it on level 3 of the Lair of
                  | Beasts)
 16700 | Lair:4   | Found a staircase to the Snake Pit.
 17192 | D:6      | Bought a scroll of identify for 26 gold pieces
 17192 | D:6      | Bought 2 scrolls of identify for 52 gold pieces
 17192 | D:6      | Bought a scroll of identify for 26 gold pieces
 17500 | Lair:5   | Reached skill level 10 in Invocations
 17692 | Lair:5   | Found a runed translucent door.
 17692 | Lair:5   | Found a viscous altar of Jiyva.
 17693 | Lair:5   | Found a staircase to the Slime Pits.
 17714 | Lair:5   | Got an ancient longbow
 18200 | D:6      | Bought a scroll of immolation for 45 gold pieces
 18349 | Lair:6   | Entered Level 6 of the Lair of Beasts
 18545 | Lair:6   | Reached skill level 11 in Axes
 18545 | Lair:6   | Reached XP level 14. HP: 43/129 MP: 21/21
 18555 | Lair:6   | Noticed Urug
 18852 | Lair:6   | Killed Urug
 18852 | Lair:6   | Reached skill level 10 in Fighting
 18904 | Lair:6   | Got a faintly glowing war axe
 18960 | Lair:6   | Identified the +1 war axe "Nesiril" {freeze, rElec Int-5
                  | Dex+9 Stlth+} (You found it on level 6 of the Lair of
                  | Beasts)
 19023 | Lair:6   | Reached skill level 12 in Axes
 19033 | Lair:6   | Got a scorched ruby amulet
 19166 | Lair:6   | Identified the amulet "Suwaggamp" {Inacc MR+ MP+9 Str-2
                  | Int+4} (You found it on level 6 of the Lair of Beasts)
 19238 | Lair:6   | Found a runed translucent door.
 20386 | D:4      | Bought a scroll of identify for 56 gold pieces
 20723 | D:11     | Reached skill level 13 in Axes
 21496 | D:12     | Found a staircase to the Orcish Mines.
 21522 | Orc:1    | Entered Level 1 of the Orcish Mines
 21574 | Orc:1    | Found a bloodstained altar of Trog.
 21841 | Orc:2    | Entered Level 2 of the Orcish Mines
 22042 | Orc:2    | Reached skill level 14 in Axes
 22235 | Orc:1    | Noticed Josephine
 22245 | Orc:1    | Killed Josephine
 22569 | Orc:2    | Reached XP level 15. HP: 99/138 MP: 11/22
 22714 | Orc:2    | Found a staircase to the Elven Halls.
 23625 | Orc:2    | Gained mutation: You tend to lose your temper in combat. [a
                  | neqoxec]
 23636 | Orc:2    | Found Tapt's Book Shoppe.
 23636 | Orc:2    | Found Uxketagh's Armour Shoppe.
 23637 | Orc:2    | Found Xaumuf's Food Emporium.
 23637 | Orc:2    | Found Uruerouc's Antique Weapon Shoppe.
 23711 | Orc:2    | Lost mutation: You tend to lose your temper in combat.
                  | [potion of mutation]
 23711 | Orc:2    | Gained mutation: Potions are less effective at restoring
                  | your health. [potion of mutation]
 23711 | Orc:2    | Gained mutation: You occasionally shout uncontrollably at
                  | your foes. [potion of mutation]
 23711 | Orc:2    | Gained mutation: Your skin changes colour to match your
                  | surroundings (Stealth+). [potion of mutation]
 23712 | Orc:2    | Lost mutation: You occasionally shout uncontrollably at
                  | your foes. [potion of mutation]
 23712 | Orc:2    | Lost mutation: Potions are less effective at restoring your
                  | health. [potion of mutation]
 23712 | Orc:2    | Gained mutation: You expend magic power (3 MP) to
                  | strengthen your wands. [potion of mutation]
 23712 | Orc:2    | Gained mutation: Your body sometimes deteriorates upon
                  | taking damage. [potion of mutation]
 23712 | Orc:2    | Gained mutation: You evolve. [potion of mutation]
 23861 | D:13     | Found a gate leading to a gauntlet.
 23869 | D:13     | Got a slimy scale mail
 23875 | D:13     | Identified the cursed +0 scale mail "Tiatiu" {*Contam rC++
                  | Int+7} (You found it on level 13 of the Dungeon)
 23879 | Gauntlet | Entered a Gauntlet
 23879 | Gauntlet | Found a transporter.
 23905 | Gauntlet | Found a transporter.
 23920 | Gauntlet | Found a transporter.
 23925 | Gauntlet | Found a transporter.
 23942 | Gauntlet | Found a transporter.
 23960 | Gauntlet | Found a transporter.
 23972 | Gauntlet | Found a transporter.
 23984 | Gauntlet | Found a transporter.
 23996 | Gauntlet | Found a transporter.
 24004 | Gauntlet | Found a large runed translucent door.
 24005 | Gauntlet | Found a large runed translucent door.
 24006 | Gauntlet | Found a large runed translucent door.
 24006 | Gauntlet | Found a large runed translucent door.
 24007 | Gauntlet | Found a runed translucent gate.
 24008 | Gauntlet | Found a transporter.
 24008 | Gauntlet | Found a runed translucent gate.
 24009 | Gauntlet | Found a runed translucent gate.
 24010 | Gauntlet | Found a large runed translucent door.
 24010 | Gauntlet | Found a large runed translucent door.
 24010 | Gauntlet | Found a runed translucent door.
 24010 | Gauntlet | Found a runed translucent door.
 24011 | Gauntlet | Found a large runed translucent door.
 24012 | Gauntlet | Found a large runed translucent door.
 24014 | Gauntlet | Found a transporter.
 24014 | Gauntlet | Found a transporter.
 24019 | Gauntlet | Found a large runed translucent door.
 24019 | Gauntlet | Found a large runed translucent door.
 24020 | Gauntlet | Found a large runed translucent door.
 24021 | Gauntlet | Found a large runed translucent door.
 24030 | Gauntlet | Found a large runed translucent door.
 24030 | Gauntlet | Found a large runed translucent door.
 24031 | Gauntlet | Found a large runed translucent door.
 24032 | Gauntlet | Found a large runed translucent door.
 24053 | Gauntlet | Found a transporter.
 24078 | Gauntlet | Found a transporter.
 24080 | Gauntlet | Found a transporter.
 24100 | Gauntlet | Found a transporter.
 24178 | Gauntlet | Found a transporter.
 24200 | Gauntlet | Found a transporter.
 24217 | Gauntlet | Gained mutation: Your mind is acute. (Int +2) [evolution]
 24506 | Gauntlet | Got a faintly glowing helmet
 24517 | Gauntlet | Identified the +0 helmet of Objectivity {Int+9 Dex-5
                  | Slay+4} (You found it in a Gauntlet)
 24530 | Gauntlet | Identified the +5 scale mail of Lizxyciu {rElec rC++ Int-5
                  | Dex+3}
 24698 | D:13     | Reached skill level 15 in Axes
 24937 | D:13     | Found a gate to the Vaults.
 25308 | D:13     | Learned a level 2 spell: Passwall
 25358 | D:14     | Reached skill level 16 in Axes
 25411 | D:14     | Identified the +7 morningstar of Discomfort {holy, rF+}
 25754 | D:14     | Gained mutation: You have a somewhat thin skeletal
                  | structure. (Dex +2, Stealth) [evolution]
 25788 | D:14     | Got a warped robe
 26089 | D:15     | Entered Level 15 of the Dungeon
 26123 | D:15     | Reached XP level 16. HP: 109/146 MP: 13/23
 26261 | D:15     | Noticed Louise
 26270 | D:15     | Killed Louise
 26280 | D:15     | Found a staircase to the Depths.
 26283 | D:15     | HP: 4/146 [titan zombie (19)]
 26287 | D:15     | Demolished by a skeletal warrior

Levels and vault maps discovered:
D:1:      nicolae_arrival_memento_mori, layout_basic
D:2:      layout_loops_cross, lemuel_statue_altar
D:3:      layout_rooms, makhleb_altar_promises_db
D:4:      layout_rooms, temple_hall_moat, serial_shops, kennysheep_little_box
D:5:      layout_cave_pods, gammafunk_ghost_icy, first_ration, serial_shops,
          nicolae_shop_statue_plus, dk_vineyard_2
D:6:      layout_loops_ring, serial_shops, shop,
          nicolae_ru_great_annihilating_truth
D:7:      layout_cave_pools, serial_bayou_pond_a, uniq_menkaure
D:8:      layout_cave_pods, nicolae_overflow_crystal_walls, dpeg_lair_monsters,
          uniq_joseph, uniq_psyche
D:9:      layout_roguey, uniq_maggie, uniq_maurice
D:10:     layout_loops_ring, hellmonk_ghost_happy_afterlife, enter_trove_1
D:11:     layout_roguey, hangedman_ranch [blue_anna_fruit_fields], st_stairs_7
D:12:     layout_basic, erik_orc_3
D:13:     layout_rooms, hangedman_vaults_entry_quadrant_bands,
          gauntlet_entry_generic
D:14:     layout_basic, kennysheep_path_1
D:15:     gammafunk_depths_entry_grave, layout_cave_pools,
          serial_park_tiny_pond, grunt_ministairs_12, uniq_louise
Temple:   compressed_dpeg_triangle_lava_temple
Lair:1:   layout_roguey, basic_altar, infiniplex_staircase_pool_2
Lair:2:   beast_lair_carwin_large_3, layout_long_grid, kennysheep_rathole,
          grunt_megastairs_4
Lair:3:   layout_chaotic_city, minmay_swamp_entry_worms, serial_bayou_shore_a,
          lemuel_fruit_fields
Lair:4:   layout_loops_ring, minmay_snake_entry_six_corridors, dpeg_oklob_1,
          grunt_megastairs_2, uniq_snorg
Lair:5:   minmay_lair_venomous_thicket, layout_cave_shapes, slime_altar_2,
          chequers_serial_rivers_large_a
Lair:6:   hangedman_lair_tendril_chambers, layout_small_grid, wormcave,
          chequers_serial_rivers_small_a, minmay_lindwurm_lava, uniq_urug
Orc:1:    layout_diamond_mine, bloody_trog, uniq_josephine
Orc:2:    st_orc_pillars, layout_diamond_mine

Skill      XL: |  1  2  3  4  5  6  7  8  9 10 11 12 13 14 15 16 |
---------------+-------------------------------------------------+-----
Shields        | 3 4 5 6 7 8 9 |  9.0
Axes           | 3 4 5 6 7 8 10 11 14 16 | 16.0
Evocations     | 4 5 8 |  8.0
Invocations    | 2 5 7 9 10 | 10.0
Dodging        | 4 7 8 9 |  9.2
Fighting       | 6 8 9 10 | 10.0
Armour         | 5 8 9 |  9.2

Action                   |  1- 3 |  4- 6 |  7- 9 | 10-12 | 13-15 | 16-18 || total
-------------------------+-------+-------+-------+-------+-------+-------++-------
Melee: War axe           |    86 |   135 |   451 |   603 |   194 |       ||  1469
       Constrict         |       |       |       |       |   207 |     5 ||   212
       Broad axe         |       |       |       |       |   605 |    34 ||   639
Invok: Slouch            |       |       |       |     3 |     9 |     2 ||    14
       Temporal Distorti |       |       |       |     1 |     2 |       ||     3
 Abil: Spit Poison       |     7 |    12 |     3 |       |       |       ||    22
Evoke: Wand              |       |    12 |     7 |    14 |     8 |       ||    41
  Use: Scroll            |     1 |       |       |    12 |    24 |       ||    37
       Potion            |       |       |       |     4 |     5 |       ||     9
 Stab: Paralysed         |       |       |     1 |     5 |       |       ||     6
       Sleeping          |       |       |       |       |     2 |       ||     2
  Eat: Chunk             |       |     3 |    12 |     7 |    17 |     1 ||    40
       Ration            |       |       |     1 |     2 |     4 |       ||     7
Armor: Scale mail        |    29 |       |       |       |   199 |     9 ||   237
       Chain mail        |    19 |    63 |   180 |    28 |       |       ||   290
       Swamp dragon scal |       |       |       |   168 |       |       ||   168
Dodge: Dodged            |    16 |    24 |   132 |   324 |   623 |    24 ||  1143
Block: Kite shield       |    39 |    72 |   293 |   482 |   661 |    29 ||  1576

Table legend:
 A = Non-vault XP
 B = Vault XP
 C = Vault XP percentage of total XP
 D = Non-vault monster count
 E = Vault monster count
 F = Vault count percentage of total count
                 A         B        C        D         E       F
            +---------+---------+-------+---------+---------+-------
      Total |   72515 |   65780 |  47.6 |     581 |     248 |  29.9
            +---------+---------+-------+---------+---------+-------
        D:1 |      61 |       0 |   0.0 |      32 |       0 |   0.0
        D:2 |      53 |       0 |   0.0 |      21 |       0 |   0.0
        D:3 |      70 |       0 |   0.0 |      23 |       0 |   0.0
        D:4 |     520 |       0 |   0.0 |      31 |       0 |   0.0
        D:5 |     961 |     650 |  40.3 |      23 |       7 |  23.3
        D:6 |     605 |      56 |   8.5 |      10 |       4 |  28.6
        D:7 |    1244 |     169 |  12.0 |      26 |       1 |   3.7
        D:8 |    1650 |    7038 |  81.0 |      44 |       9 |  17.0
        D:9 |     726 |     905 |  55.5 |      23 |       2 |   8.0
       D:10 |    2694 |       0 |   0.0 |      40 |       0 |   0.0
       D:11 |    4667 |    2910 |  38.4 |      31 |      10 |  24.4
       D:12 |    3257 |     540 |  14.2 |      30 |      13 |  30.2
       D:13 |    6529 |    6259 |  48.9 |      33 |      18 |  35.3
       D:14 |    9899 |       0 |   0.0 |      35 |       0 |   0.0
       D:15 |    9579 |    4318 |  31.1 |      26 |       5 |  16.1
     Lair:1 |    4810 |       0 |   0.0 |      21 |       0 |   0.0
     Lair:2 |    4630 |    2666 |  36.5 |      26 |      25 |  49.0
     Lair:3 |    4625 |     752 |  14.0 |      18 |       3 |  14.3
     Lair:4 |    5386 |    2076 |  27.8 |      21 |      13 |  38.2
     Lair:5 |    1774 |    1861 |  51.2 |       7 |      11 |  61.1
     Lair:6 |    4497 |   20202 |  81.8 |      15 |      56 |  78.9
      Orc:1 |    1116 |    1741 |  60.9 |      11 |       6 |  35.3
      Orc:2 |    2340 |    9676 |  80.5 |      31 |      58 |  65.2
   Gauntlet |     822 |    3961 |  82.8 |       3 |       7 |  70.0
            +---------+---------+-------+---------+---------+-------
